AoeStats
← Me Gusta YPF

Black Forest

509486982Analyzed
3v3 RM · 5d ago on Sep 26, 2026· 56m 13s· 6 players
Game mode
Random Map
Map size
Normal (6 player)
Population
200
Speed
Normal
Resources
Standard
Victory
Conquest
Starting age
Dark Age
Ending age
Imperial Age
RankedLock teamsTeams togetherTeam positionsShared explorationLock speedFull tech treeHidden civsTurbo modeCheats
Victory
Defeat
🇦🇷 Bohemians · Argentina
977
+11
🇦🇷 Burgundians · Argentina
898
+14
🇦🇷 Georgians · Argentina
719
+21
🇩🇪 Tatars · Germany
876
-16
🇩🇪 Danes · Germany
858
-16
🇺🇸 Persians · United States
808
-14
xxyvonnederful
8:36 Loom
11:34 Feudal Age
14:23 Fishing Lines
17:02 Castle Age
16:11 Double-Bit Axe
16:15 Fishing Lines
18:43 Wheelbarrow
19:13 Bow Saw
20:05 Gillnets
24:40 Gold Mining
24:41 Stone Mining
26:16 Hand Cart
29:36 Imperial Age
26:53 Town Watch
29:48 Husbandry
29:56 Scale Barding Armor
30:03 Forging
30:22 Bloodlines
30:07 Cavalier
34:16 Coinage
33:54 Savar
36:12 Stone Shaft Mining
36:18 Gold Shaft Mining
37:05 Conscription
40:28 Citadels
40:55 Hoardings
41:13 Chain Barding Armor
41:29 Iron Casting
40:45 Fletching
41:58 Chemistry
40:55 Murder Holes
41:11 Masonry
51:43 Architecture
51:53 Plate Barding Armor
52:19 Blast Furnace
51:14 Bodkin Arrow
Sir Leonhart
3:44 Loom
20:00 Feudal Age
21:15 Double-Bit Axe
24:37 Castle Age
23:43 Horse Collar
24:29 Gold Mining
27:35 Gambesons
27:52 Squires
27:38 Arson
29:15 Heavy Plow
36:22 Imperial Age
34:56 Forging
34:48 Scale Mail Armor
35:11 Stone Mining
37:18 Wheelbarrow
38:01 Elite Varangian Guard
39:24 Pikeman
39:34 Onager
45:09 Hand Cart
44:53 Capped Ram
45:50 Siege Engineers
45:45 Halberdier
46:44 Chain Mail Armor
47:05 Iron Casting
46:58 Conscription
48:07 Hamask
50:39 Blast Furnace
50:10 Plate Mail Armor
50:46 Siege Ram
51:39 Elite Jomsviking
MMOREE
0:33 Loom
13:17 Feudal Age
Me Gusta YPF
12:14 Feudal Age
14:22 Double-Bit Axe
15:19 Horse Collar
16:01 Loom
16:53 Wheelbarrow
27:31 Castle Age
25:55 Scale Barding Armor
36:26 Imperial Age
34:50 Forging
35:37 Stone Mining
35:38 Gold Mining
35:59 Bow Saw
42:51 Hand Cart
42:07 Elite Monaspa
43:42 Scale Mail Armor
45:59 Svan Towers
47:26 Stone Shaft Mining
53:38 Aznauri Cavalry
53:57 Conscription
53:45 Svan Towers
54:16 Hoardings
LinkStated
5:53 Loom
13:47 Feudal Age
14:20 Double-Bit Axe
17:52 Horse Collar
22:25 Castle Age
22:11 Wheelbarrow
21:22 Town Watch
23:17 Caravan
23:47 Bow Saw
24:59 Gold Mining
25:43 Heavy Plow
26:41 Hand Cart
28:09 Two-Man Saw
28:47 Cavalier
29:45 Husbandry
30:54 Town Patrol
33:37 Crop Rotation
40:23 Imperial Age
38:46 Gold Shaft Mining
40:46 Scale Barding Armor
40:51 Forging
40:56 Paladin
42:27 Conscription
42:20 Burgundian Vineyards
44:07 Iron Casting
43:52 Chain Barding Armor
AndresB818
1:51 Loom
11:35 Feudal Age
16:20 Castle Age
15:11 Double-Bit Axe
18:21 Pikeman
19:02 Squires
21:02 Horse Collar
23:16 Fletching
29:12 Wheelbarrow
32:17 Imperial Age
30:58 Scale Mail Armor
31:09 Forging
30:56 Bodkin Arrow
31:30 Wagenburg Tactics
32:37 Heavy Plow
32:50 Bow Saw
34:06 Chain Mail Armor
35:40 Chemistry
35:01 Ballistics
35:01 Halberdier
35:51 Caravan
35:53 Houfnice
38:43 Iron Casting
38:39 Plate Mail Armor
38:18 Siege Engineers
43:27 Conscription
42:28 Elite Hussite Wagon
43:57 Scale Barding Armor
44:53 Blast Furnace
43:54 Bracer
43:54 Padded Archer Armor
44:45 Onager
Connection lost

Rejoining the realm…

Still unreachable

The connection could not be restored.

Session expired

The server has moved on; the page needs a fresh start.